 Dungeon Crawl Stone Soup version 0.22-a0-86-g94e0ad4 (webtiles) character file.

26 KristoblXynda the Charlatan (level 2, 0/12 HPs)
             Began as a Felid Artificer on Jan 20, 2018.
             Hit by a stone thrown by a kobold (2 damage)
             ... on level 2 of the Dungeon.
             The game lasted 00:02:32 (1072 turns).

KristoblXynda the Charlatan (Felid Artificer)       Turns: 1072, Time: 00:02:33

Health: 0/12       AC:  1    Str:  8    XL:     2   Next: 89%
Magic:  5/5        EV: 18    Int: 12    God:
Gold:   39         SH:  0    Dex: 16    Spells: 1/1 levels left
                                        Lives:  0   Deaths: 0

rFire    . . .     SeeInvis +     - Unarmed
rCold    . . .     Gourm    .   (shield unavailable)
rNeg     . . .     Faith    .   (armour unavailable)
rPois    .         Spirit   .   (helmet unavailable)
rElec    .         Reflect  .   (cloak unavailable)
rCorr    .         Harm     .   (gloves unavailable)
MR       .....                  (boots unavailable)
Stlth    +++.......             (no amulet)
HPRegen  0.04/turn              (no ring)
MPRegen  0.09/turn              (no ring)

@: quick
A: very small, no armour, no weapons or thrown items, stealth, claws 1, fangs 3,
see invisible, carnivore, speed 1, shaggy fur 1, slow metabolism 1, sharp paws
a: no special abilities


You were on level 2 of the Dungeon.
You were very full.

You visited 1 branch of the dungeon, and saw 2 of its levels.

You collected 39 gold pieces.

Inventory:

Jewellery
 l - an uncursed amulet of faith {unknown}
Wands
 a - a wand of flame (14)
 b - a wand of enslavement (15)
 c - a wand of random effects (15)
Scrolls
 f - 3 scrolls of identify {unknown}
 g - a scroll of random uselessness {unknown}
 h - a scroll of fog {unknown}
 i - a scroll of noise {unknown}
 m - a scroll of amnesia {unknown}
Potions
 e - a potion of curing {unknown}
 k - a potion of berserk rage {unknown}
Comestibles
 d - 2 rations
 j - a chunk of flesh


   Skills:
 - Level 1.0 Fighting
 + Level 3.2 Dodging
 + Level 2.3 Stealth
 + Level 1.7 Unarmed Combat
 + Level 3.6 Evocations


You had one spell level left.
You didn't know any spells.

Dungeon Overview and Level Annotations

Branches:
Dungeon (2/15)

Altars:


Innate Abilities, Weirdness & Mutations

You cannot wear armour.
You are incapable of wielding weapons or throwing items.
Your paws allow you to move quietly. (Stealth)
You have sharp claws.
You have razor-sharp teeth.
You have supernaturally acute eyesight. (SInv)
You are carnivorous and can eat meat at any time.
You cover ground quickly.
You are covered in fur. (AC +1)
You have a slow metabolism.
Your sharp claws are effective at attacking unaware monsters.


Message History

j - a chunk of flesh
Things that are here:
a club; a goblin skeleton You see here a scroll labeled QUOSEHO HEPNICWU.
The kobold shouts!
The kobold throws a stone.
The stone misses you.
Things that are here:
a stone; a scroll labeled QUOSEHO HEPNICWU
Okay, then.
A hobgoblin comes into view.
The hobgoblin shouts!
You scratch the hobgoblin but do no damage.
The hobgoblin misses you. The hobgoblin misses you.
Found a scroll labeled RUBYKK PUAZOU.
The kobold throws a stone.
The stone completely misses you.
There is an escape hatch in the ceiling here.
You see here a stone.
The kobold throws a stone.
The stone hits you.
You die...

##########....#.##
##.....##.K..### #
##.........#.##
#.........##.#
#.........##.#
#.........##.#
#...<.....##.#
#.........##.####.###
##..........g@......#
#.........###........
#.........# #........
#.........# #.......#
#......)..# #.......#
#...>.(...# #......?#
##.......## #.......#
##.....## #........
#######


You could see a hobgoblin and a kobold.

Vanquished Creatures
  A leopard gecko (D:1)
  A ball python (D:1)
  3 giant cockroaches (D:1)
  4 goblins
  6 hobgoblins
  4 kobolds
  A rat (D:1)
20 creatures vanquished.

Notes
Turn   | Place    | Note
-------+----------+-------------------------------------------
     0 | D:1      | KristoblXynda the Felid Artificer began the quest for the Orb.
     0 | D:1      | Reached XP level 1. HP: 9/9 MP: 4/4
   292 | D:1      | Reached XP level 2. HP: 7/12 MP: 5/5
  1072 | D:2      | Hit by a stone thrown by a kobold

Vault maps used:
D:1:      lordsloth_arrival_two_stooges
D:2:      uniq_jessica

Skill      XL: |  1 |
---------------+----+-----
Dodging        | 3 |  3.2
Stealth        | 2 |  2.3
Fighting       | |  1.0
Unarmed Combat | |  1.7
Evocations     | |  3.6

Action                   || total
-------------------------++-------
Melee: Unarmed           ||    73
       Bite              ||    11
Evoke: Wand              ||     1
 Stab: Sleeping          ||     4
  Eat: Chunk             ||     7
Armor: Skin              ||     4
Dodge: Dodged            ||    55

Table legend:
 A = Spawn XP
 B = Non-spawn XP
 C = Spawn XP percentage of total XP
 D = Spawn monster count
 E = Non-spawn monster count
 F = Spawn count percentage of total count
 G = Total turns spent on level
                    A         B        C        D         E        F      G
               +---------+---------+-------+---------+---------+-------+---------
         Total |       0 |      38 |   0.0 |       0 |      20 |   0.0 |  1072
               +---------+---------+-------+---------+---------+-------+---------
           D:1 |       0 |      27 |   0.0 |       0 |      14 |   0.0 |   986
           D:2 |       0 |      11 |   0.0 |       0 |       6 |   0.0 |    86
               +---------+---------+-------+---------+---------+-------+---------
